 Dungeon Sprint DCSS version 0.17-a0-1262-gd250d98 (webtiles) character file.

1121 Kidiri the Covert (level 8, -23/44 HPs)
             Began as a Spriggan Assassin on June 6, 2015.
             Was an Initiate of Dithmenos.
             Shot with a bolt of flame by a yaktaur (32 damage)
             ... in the Dungeon (Sprint II: "The Violet Keep of Menkaure").
             The game lasted 00:05:07 (793 turns).

Kidiri the Covert (Spriggan Assassin)                Turns: 793, Time: 00:05:07

Health: -23/44     AC:  3    Str:  7    XL:     8   Next: 12%
Magic:  9/9        EV: 30    Int: 13    God:    Dithmenos [......]
Gold:   972        SH:  0    Dex: 19    Spells: 0 memorised, 7 levels left

rFire  . . .     SeeInvis +     b - +0 blowgun
rCold  . . .     Clarity  .     c - +0 robe
rNeg   . . .     SustAt   .     (shield restricted)
rPois  .         Gourm    .     (helmet restricted)
rElec  .         Spirit   .     d - +0 cloak
rCorr  .         Warding  .     (gloves unavailable)
rMut   .         NoTele   +     (boots unavailable)
MR     +....                    (no amulet)
Stlth  +++++++...               (no ring)
                                (no ring)

@: very slightly contaminated, hasted, very quick, somewhat resistant to hostile
enchantments, extremely stealthy
A: unfitting armour, see invisible, herbivore 3, speed 3, slow metabolism 2
a: Renounce Religion


You were in the Dungeon.
You worshipped Dithmenos.
Dithmenos was noncommittal.
You were not hungry.

You visited 1 branch You collected 972 gold pieces.

Inventory:

Hand weapons
 a - a +2 dagger
 b - a +0 blowgun (weapon)
Missiles
 e - 5 poisoned needles (quivered)
Armour
 c - a +0 robe (worn)
 d - a +0 cloak (worn)
Scrolls
 m - a scroll of blinking
Potions
 h - a potion of curing
 k - 2 potions of magic
 l - a potion of berserk rage
Comestibles
 g - a bread ration


   Skills:
 + Level 5.4 Fighting
 * Level 10.0 Short Blades
 + Level 7.3 Throwing
 * Level 12.5 Dodging
 * Level 14.3 Stealth


You had 7 spell levels left.
You didn't know any spells.

Dungeon Overview and Level Annotations

Branches:
Dungeon (1/1)

Altars:
Cheibriados
Dithmenos
Elyvilon
Fedhas
Gozag
Kikubaaqudgha
Makhleb
Nemelex Xobeh
Okawaru
Qazlal
Ru
Sif Muna
Trog
Vehumet
Xom
Yredelemnul
Zin
The Shining One
Beogh
Jiyva
Lugonu

Shops:
D }!}}(!?(==[

Annotations:
D exclusion: orange crystal statue, Kirke


Innate Abilities, Weirdness & Mutations

You are tiny and cannot use many weapons and most armour.
You have supernaturally acute eyesight.
You are a herbivore.
You cover ground extremely quickly.
You need consume almost no food.


Message History

You shoot a curare-tipped needle.
The curare-tipped needle hits the yaktaur.
The yaktaur looks even sicker.
The yaktaur convulses.
The yaktaur seems to slow down.
The yaktaur is heavily wounded.
Wield which item (- for none, * to show all)? (? for menu, Esc to quit)
Okay, then.
You see here 3 potions of magic.
Firing (i - inventory):
e - 6 poisoned needles (quivered)
Press: ? - help, Shift-Dir - straight line, f/p - yaktaur
Aim: a yaktaur (heavily wounded, slow, poisoned)
You shoot a poisoned needle.
The poisoned needle hits the polar bear!
The polar bear looks even sicker.
The polar bear is almost dead.
The polar bear completely misses you. The polar bear misses you.
The polar bear completely misses you.
The yaktaur wields an arbalest.
The yaktaur shoots a bolt of flame.
The bolt of flame hits you!!
Ouch! That really hurt!
You die...

≈ .§§▓≈≈≈≈§§§≈ ##
#[=▓▓▓▓▓▓▓▓▓▓ .#
#§§▓%?[[[![?▓▓ .#
#:|▓[$$!$???▓▓ .#### +.###
")▓?"%![(!!▓▓ ...# ...#
##▓%$(?$)((▓▓ # ..## #..#
$#▓=%)[[)![▓▓ .##..# +..#
.#▓@((($$)$▓▓ ..#..# #..#
h#▓!h([[$)?▓▓
#.+..####..##.#▓!.?!(c%$▓▓
#.#....###...##▓▓▓▓▓▓▓h▓▓▓▓+▓
.##......§≈≈(≈((y≈≈≈≈≈...X≈≈▓
##≈§.....≈#'########+###.≈≈≈▓
≈≈≈≈≈≈≈..≈#..._._..#§§§##≈≈≈▓
≈≈≈§≈≈§≈.≈#.._._._.#≈≈§§####▓
≈≈≈§≈≈§§≈≈#._._._..#≈§§§≈


You could see 2 polar bears, a yaktaur and a wasp.

Vanquished Creatures
  A siren (D)
  2 hippogriffs (D)
  Menkaure (D)
  A crocodile (D)
  4 brain worms (D)
  4 worker ants (D)
13 creatures vanquished.

Vanquished Creatures (others)
  A spiny frog (D)
1 creature vanquished.

Grand Total: 14 creatures vanquished

Notes
Turn   | Place    | Note
--------------------------------------------------------------
     0 | D        | Kidiri the Spriggan Assassin began the quest for the Orb.
     0 | D        | Reached XP level 1. HP: 10/10 MP: 2/2
     1 | D        | Noticed a hippogriff
     1 | D        | Noticed a hippogriff
     5 | D        | Noticed a brain worm
     8 | D        | Killed a brain worm
     8 | D        | Reached skill level 5 in Dodging
     8 | D        | Reached skill level 8 in Stealth
     8 | D        | Reached XP level 2. HP: 14/16 MP: 3/3
     8 | D        | Reached XP level 3. HP: 16/19 MP: 4/4
     9 | D        | Noticed a brain worm
    10 | D        | Killed a brain worm
    10 | D        | Reached skill level 5 in Short Blades
    10 | D        | Reached skill level 9 in Stealth
    10 | D        | Reached XP level 4. HP: 19/24 MP: 5/5
    11 | D        | Noticed a brain worm
    11 | D        | Noticed a brain worm
    13 | D        | Killed a brain worm
    13 | D        | Reached skill level 10 in Stealth
    13 | D        | Reached XP level 5. HP: 21/28 MP: 6/6
    23 | D        | Killed a brain worm
    23 | D        | Reached skill level 5 in Throwing
    23 | D        | Reached skill level 11 in Stealth
    42 | D        | Noticed a siren
    45 | D        | Killed a siren
    45 | D        | Reached skill level 10 in Dodging
    45 | D        | Reached skill level 12 in Stealth
    45 | D        | Reached XP level 6. HP: 23/34 MP: 7/7
    45 | D        | Reached XP level 7. HP: 25/38 MP: 8/8
    56 | D        | Noticed a worker ant
    56 | D        | Noticed a worker ant
    71 | D        | Killed a worker ant
    86 | D        | Killed a worker ant
    86 | D        | Reached skill level 13 in Stealth
    87 | D        | Noticed a worker ant
    87 | D        | Noticed a worker ant
    89 | D        | Killed a worker ant
    92 | D        | Killed a worker ant
   345 | D        | Killed a hippogriff
   345 | D        | Reached skill level 5 in Fighting
   349 | D        | Killed a hippogriff
   349 | D        | Reached skill level 14 in Stealth
   630 | D        | Noticed an orange crystal statue
   630 | D        | Noticed Menkaure
   631 | D        | Noticed Kirke
   631 | D        | Noticed a skeletal warrior
   631 | D        | Noticed a yaktaur captain
   632 | D        | Killed Menkaure
   632 | D        | Reached XP level 8. HP: 43/43 MP: 9/9
   649 | D        | Found Ewnug's Antique Armour Emporium.
   649 | D        | Found Terapp's Antique Weapon Shoppe.
   649 | D        | Found Dugrabro's Jewellery Shoppe.
   649 | D        | Found Xaras's Magic Scroll Emporium.
   650 | D        | Found Veybuco's Jewellery Emporium.
   650 | D        | Found Vomufyc's Distillery.
   650 | D        | Found Anios's Antique Weapon Emporium.
   650 | D        | Found Guyread's Gadget Shoppe.
   651 | D        | Found Ajong's Gadget Emporium.
   651 | D        | Found Duq Gun's Distillery.
   651 | D        | Found Roj Woji's Gadget Shoppe.
   674 | D        | Found a sacrificial altar of Ru.
   675 | D        | Found an opulent altar of Gozag.
   675 | D        | Found a blossoming altar of Fedhas.
   676 | D        | Found a glowing golden altar of the Shining One.
   676 | D        | Found a snail-covered altar of Cheibriados.
   677 | D        | Found a shadowy altar of Dithmenos.
   677 | D        | Found a basalt altar of Yredelemnul.
   677 | D        | Found a white marble altar of Elyvilon.
   677 | D        | Found a deep blue altar of Sif Muna.
   677 | D        | Found a roughly hewn altar of Beogh.
   678 | D        | Found a bloodstained altar of Trog.
   678 | D        | Found a stormy altar of Qazlal.
   678 | D        | Found an iron altar of Okawaru.
   679 | D        | Found an ancient bone altar of Kikubaaqudgha.
   679 | D        | Found a burning altar of Makhleb.
   679 | D        | Found a sparkling altar of Nemelex Xobeh.
   680 | D        | Noticed a crocodile
   699 | D        | Killed a crocodile
   699 | D        | Reached skill level 10 in Short Blades
   701 | D        | Found a viscous altar of Jiyva.
   703 | D        | Found a shimmering altar of Xom.
   703 | D        | Found a corrupted altar of Lugonu.
   703 | D        | Noticed a wasp
   703 | D        | Noticed a polar bear
   704 | D        | Found a glowing silver altar of Zin.
   704 | D        | Found a radiant altar of Vehumet.
   704 | D        | Noticed a yaktaur
   711 | D        | Became a worshipper of Dithmenos the Shadowed
   714 | D        | Noticed a crocodile
   726 | D        | Killed a spiny frog
   733 | D        | Noticed a polar bear
   734 | D        | Noticed a polar bear
   740 | D        | Noticed a crocodile
   773 | D        | Noticed a kraken
   793 | D        | Shot with a bolt of flame by a yaktaur

Vault maps used:
D:        the_violet_keep_of_menkaure

Action                   |  1- 3 |  4- 6 |  7- 9 || total
-------------------------+-------+-------+-------++-------
Melee: Dagger            |     2 |    12 |    82 ||    96
 Fire: Blowgun           |       |       |    17 ||    17
  Use: Potion            |       |       |     2 ||     2
 Stab: Sleeping          |     2 |     2 |     3 ||     7
